 Dungeon Crawl Stone Soup version 0.30.1-6-gbe392663c4 (webtiles) character file.

Game seed: 7528388240366578644

125 Kurtz the Chopper (level 5, 32/32 HPs)
             Began as a Tengu Fighter on Sept 21, 2023.
             Quit the game on level 4 of the Dungeon.
             The game lasted 00:01:28 (2152 turns).

Kurtz the Chopper (Tengu Fighter)                   Turns: 2152, Time: 00:01:29

Health: 32/32      AC:  6    Str: 18    XL:     5   Next: 9%
Magic:  6/6        EV: 10    Int:  9    God:
Gold:   167        SH:  4    Dex: 13    Spells: 4/4 levels left

rFire   . . .        a - +0 war axe
rCold   . . .        c - +0 buckler
rNeg    . . .        b - +0 scale mail
rPois   .            (helmet restricted)
rElec   .            (no cloak)
rCorr   .            (no gloves)
SInv    .            (boots unavailable)
Will    .....        (no amulet) Stlth
                     (no ring)
HPRegen 0.25/turn    (no ring)
MPRegen 0.10/turn

%: no passive effects
@: flying quickly and evasively, quick
A: beak, talons 3, nimble flight
a: no special abilities


You were on level 4 of the Dungeon.
You visited 1 branch of the dungeon, and saw 4 of its levels.

You collected 167 gold pieces.

Inventory:

Hand Weapons
 a - a +0 war axe (weapon)
Armour
 b - a +0 scale mail (worn)
 c - a +0 buckler (worn)
Jewellery
 e - a ring of fire
Wands
 j - a wand of mindburst (16)
Scrolls
 f - a scroll of teleportation {unknown}
 g - a scroll of amnesia {unknown}
 h - 2 scrolls of immolation {unknown}
 i - 2 scrolls of enchant armour {unknown}
 k - 3 scrolls of identify {unknown}
 l - a scroll of fear {unknown}
Potions
 d - a potion of might
 m - a potion of curing {unknown}
 n - a potion of berserk rage {unknown}


   Skills:
 - Level 3.0 Fighting
 * Level 5.6 Axes
 - Level 3.2 Armour
 - Level 3.0 Shields


You had 4 spell levels left.
You didn't know any spells.
Your spell library contained the following spells:

 Spells                   Type           Power      Damage    Failure   Level
 Freeze                   Ice            0%         1d3       85%         1
 Frozen Ramparts          Ice            0%         1d1       99%         3
 Hailstorm                Conj/Ice       0%         3d3       99%         3


Dungeon Overview and Level Annotations

Branches:
Dungeon (4/15)
 Temple: D:4-7

Altars:
Ashenzari


Innate Abilities, Weirdness & Mutations

You have a beak for a mouth.
You have claws for feet.
Your magical nature lets you fly swiftly and evasively.


Message History

A worm is nearby!
You hit the worm but do no damage.
A worm is nearby!
You hit the worm. Your kick misses the worm.
The worm is moderately wounded.
The worm bites you.
A worm is nearby!
You slash the worm!
The worm is severely wounded.
The worm bites you.
A worm is nearby!
You hit the worm but do no damage. You peck the worm, but do no damage.
The worm is heavily wounded.
The worm bites you but does no damage.
You slash the worm!
You kill the worm!
Done exploring.
No target in view!
Done exploring.
No target in view!
Done exploring.
No target in view!
Done exploring.
No target in view!
Done exploring.
No target in view!
Done exploring.
No target in view!
(D) Dungeon
Where to? (Enter - D:4, ? - help)
You see here a worm corpse.
There is a stone staircase leading down here.
You fly downwards.
You hear the sound of rushing water.
There is an entrance to a sewer on this level.
Hurry and find it before the portal rusts away!
The adder hisses angrily.
Found a ring mail.
There is a stone staircase leading up here.
Okay, then.
Are you sure you want to abandon this character and quit the game? (Confirm with "yes".)

.#.## # ....#
.. ##....#
#..##.#...####
#....S......##
#.............
#..........[..
#@..# #...#
#...# #####


You could see an adder.

Vanquished Creatures
  4 gnolls
  2 adders (D:3)
  2 worms (D:3)
  8 orcs (D:3)
  An endoplasm (D:3)
  3 giant cockroaches
  3 goblins (D:2)
  4 hobgoblins
  3 jackals (D:2)
  A quokka (D:1)
  7 ball pythons
  5 bats
  2 frilled lizards
  5 kobolds (D:3)
  2 rats (D:2)
52 creatures vanquished.

Notes
Turn   | Place    | Note
-------+----------+-------------------------------------------
     0 | D:1      | Kurtz the Tengu Fighter began the quest for the Orb.
     0 | D:1      | Reached XP level 1. HP: 14/14 MP: 2/2
   159 | D:2      | Reached XP level 2. HP: 19/19 MP: 3/3
   220 | D:2      | Reached skill level 3 in Axes
   474 | D:2      | Found a faded altar of an unknown god.
   607 | D:2      | Reached XP level 3. HP: 22/23 MP: 4/4
   857 | D:3      | Reached skill level 4 in Axes
   862 | D:3      | Found a broken altar of Ashenzari.
   952 | D:3      | HP: 1/23 [gnoll/+0 club (4)]
  1051 | D:3      | Reached XP level 4. HP: 24/28 MP: 5/5
  1061 | D:3      | Reached skill level 5 in Axes
  1856 | D:3      | Gained mutation: Your magical nature lets you fly swiftly
                  | and evasively. [Tengu growth]
  1856 | D:3      | Reached XP level 5. HP: 6/32 MP: 6/6
  2152 | D:4      | Quit the game

Illustrated notes

Levels and vault maps discovered:
D:1:      mainiacjoe_arrival_reflecting_pool, layout_basic, minivault_19
D:2:      layout_basic, shapermc_ecumenical_altar_mp_urbaneastern,
          nicolae_elevator_lobby_asterisk
D:3:      layout_basic, ashenzari_conservatory_becter, minivault_14,
          wad_floor_pattern_untrapped
D:4:      layout_loops_ring, nicolae_overflow_hallway_of_the_gods,
          gup_sewer_entry_pipe

Skill      XL: |  1  2  3  4 |
---------------+-------------+-----
Axes           | 3 4 5 |  5.6
Fighting       | |  3.0
Armour         | |  3.2
Shields        | |  3.0

Action                     |  1- 3 |  4- 6 || total
---------------------------+-------+-------++-------
  Melee: War axe           |    70 |    56 ||   126
         Kick              |    12 |     9 ||    21
         Peck              |     7 |     4 ||    11
    Use: Potion            |     1 |       ||     1
 Armour: Scale mail        |    41 |    21 ||    62
  Dodge: Dodged            |    34 |    28 ||    62
  Block: Buckler           |    29 |    13 ||    42
